 Dungeon Crawl Stone Soup version 0.30.1-3-gfc49f6343a (webtiles) character file.

Game seed: 14025628435398075588

100 zeram the Shooter (level 4, 0/22 HPs)
             Began as a Spriggan Hunter on July 25, 2023.
             Slain by an orc priest
             ... wielding a +0 short sword
              (2 damage)
             ... on level 3 of the Dungeon.
             The game lasted 00:03:15 (2324 turns).

zeram the Shooter (Spriggan Hunter)                 Turns: 2324, Time: 00:03:16

Health: 0/22       AC:  3    Str:  7    XL:     4   Next: 46%
Magic:  14/14      EV: 18    Int: 12    God:
Gold:   173        SH:  0    Dex: 18    Spells: 3/3 levels left

rFire   + . .        n - +4 dagger
rCold   + . .        (no shield)
rNeg    . . .        c - +0 robe
rPois   +            (helmet restricted)
rElec   +            o - +0 cloak
rCorr   +            (gloves unavailable)
SInv    +            (boots unavailable)
Will    .....        h - amulet of regeneration
Stlth   ++           d - ring of magical power
HPRegen 1.03/turn    l - ring of poison resistance
MPRegen 0.14/turn

%: no passive effects
@: resistant, very quick
A: very small, no large weapons, unfitting armour, see invisible, speed 3
a: no special abilities


You were on level 3 of the Dungeon.
You visited 1 branch of the dungeon, and saw 3 of its levels.

You collected 173 gold pieces.

Inventory:

Hand Weapons
 a - a +1 shortbow of flaming
 n - a +4 dagger (weapon)
Armour
 c - a +0 robe (worn)
 o - a +0 cloak (worn)
Jewellery
 d - a ring of magical power (left hand)
 h - an amulet of regeneration (around neck)
 l - a ring of poison resistance (right hand)
Scrolls
 b - 2 scrolls of immolation
 j - a scroll of amnesia
 k - 2 scrolls of fog
Potions
 e - a potion of berserk rage {unknown}
 f - a potion of curing {unknown}
 i - 2 potions of ambrosia
 m - a potion of flight {unknown}


   Skills:
 - Level 1.5 Fighting
 + Level 5.8 Ranged Weapons
 + Level 3.1 Dodging
 - Level 1.8 Stealth


You had 3 spell levels left.
You didn't know any spells.
Your spell library contained the following spells:

 Spells                   Type           Power      Damage    Failure   Level
 Inner Flame              Hex/Fire       0%         N/A       69%         3
 Yara's Violent Unravell  Hex/Tmut       0%         3d3       100%        5
 Enfeeble                 Hex            0%         N/A       100%        7


Dungeon Overview and Level Annotations

Branches:
Dungeon (3/15)

Altars:
Dithmenos
Uskayaw
Yredelemnul


Innate Abilities, Weirdness & Mutations

You are very small and have problems with some larger weapons.
You are too small for most types of armour.
You have supernaturally acute eyesight. (SInv)
You cover ground extremely quickly. (Speed+++)


Message History

You shoot an arrow.
The arrow closely misses the orc priest.
The orc priest misses you. x2
Fire: a) +1 shortbow (flame)
Press: ? - help, Q - select action Shift-Dir - straight line, f/p - orc priest
Aim: an orc priest, wielding a +0 short sword and wearing a +0 chain mail (heavily wounded, 71% to hit)
You shoot an arrow. The arrow barely misses the orc priest.
The orc priest miscasts a cantrip.
Fire: a) +1 shortbow (flame)
Press: ? - help, Q - select action Shift-Dir - straight line, f/p - orc priest
Aim: an orc priest, wielding a +0 short sword and wearing a +0 chain mail (heavily wounded, 71% to hit)
You shoot an arrow.
The arrow closely misses the orc priest.
The orc priest misses you.
Fire: a) +1 shortbow (flame)
Press: ? - help, Q - select action Shift-Dir - straight line, f/p - orc priest
Aim: an orc priest, wielding a +0 short sword and wearing a +0 chain mail (heavily wounded, 71% to hit)
You shoot an arrow.
The arrow hits the orc priest but does no damage.
The orc priest is heavily wounded.
The orc priest completely misses you.
Your +1 shortbow of flaming stops flaming.
n - a +4 dagger (weapon)
The orc priest misses you.
You hit the orc priest.
The orc priest is severely wounded.
The orc priest completely misses you.
You hit the orc priest but do no damage.
The orc priest is severely wounded.
The orc priest mumbles some strange prayers to Beogh against you.
Beogh smites you!
* * * LOW HITPOINT WARNING * * *
You barely miss the orc priest.
The orc priest is severely wounded.
The orc priest hits you with a +0 short sword.
* * * LOW HITPOINT WARNING * * *
You barely miss the orc priest.
The orc priest is severely wounded.
The orc priest hits you with a +0 short sword.
You die...

## ##)# ..# #.# ##### #####
########o## #... ..... ##
#......@..####.######### .#
###'#######............... .# #
#......# #..............# .#
#.#......# #..............'
.#####.#......####..............#
#.............##.................
#..........#####.................
#..........#####...........(....#
.........................<.......


You could see an orc priest.

Vanquished Creatures
  A scorpion zombie (D:3)
  An adder (D:3)
  A worm (D:2)
  4 dart slugs
  An orc (D:3)
  6 endoplasms
  A giant cockroach (D:2)
  5 goblins
  4 hobgoblins
  5 jackals
  A ball python (D:1)
  3 bats
  2 frilled lizards
  A jackal zombie (D:3)
  8 kobolds
  2 quokka zombies (D:3)
  7 rats
53 creatures vanquished.

Notes
Turn   | Place    | Note
-------+----------+-------------------------------------------
     0 | D:1      | zeram the Spriggan Hunter began the quest for the Orb.
     0 | D:1      | Reached XP level 1. HP: 10/10 MP: 2/2
   160 | D:1      | Reached XP level 2. HP: 14/14 MP: 3/3
   898 | D:2      | Reached XP level 3. HP: 18/18 MP: 4/4
  1111 | D:2      | Found a faded altar of an unknown god.
  1172 | D:2      | Reached skill level 5 in Ranged Weapons
  1628 | D:3      | Found a shadowy altar of Dithmenos.
  1774 | D:3      | Reached XP level 4. HP: 15/22 MP: 5/5
  1861 | D:3      | Found a basalt altar of Yredelemnul.
  2002 | D:3      | Found a hide-covered altar of Uskayaw.
  2323 | D:3      | HP: 1/22 [orc priest/+0 short sword (3)]
  2324 | D:3      | Slain by an orc priest

Illustrated notes

Levels and vault maps discovered:
D:1:      scummos_arrival_hexagon, layout_loops_cross
D:2:      layout_basic, basic_ecumenical_altar, minmay_tetromino_t2
D:3:      layout_basic, nicolae_yredelemnul_corpse_copse,
          mainiacjoe_overflow_large_starburst

Skill      XL: |  1  2  3 |
---------------+----------+-----
Dodging        | 3 |  3.1
Ranged Weapons | 5 |  5.8
Fighting       | |  1.5
Stealth        | |  1.8

Action                     |  1- 3 |  4- 6 || total
---------------------------+-------+-------++-------
  Melee: Dagger            |       |     4 ||     4
   Fire: Shortbow          |    90 |    35 ||   125
    Use: Scroll            |    10 |       ||    10
         Potion            |       |     1 ||     1
 Armour: Robe              |     2 |     2 ||     4
  Dodge: Dodged            |    22 |    10 ||    32
